[Event "Late-Titled-Tuesday-Blitz-October-17-2023"]
[Site "Chess.com"]
[Date "2023.10.17"]
[Round "7"]
[White "Laico"]
[Black "LaPiToB"]
[Result "1-0"]
[WhiteElo "2426"]
[BlackElo "2301"]
[TimeControl "180+1"]
[EndTime "15:11:36 PDT"]
[Termination "Laico won by resignation"]

1. e4 c6 2. d4 d5 3. f3 dxe4 4. fxe4 e5 5. Nf3 Bg4 6. Bc4 Nd7 7. c3 Bd6 8. Qb3 Qf6 9. O-O b5 10. Bxf7+ Qxf7 11. Qxf7+ Kxf7 12. Nxe5+ Ke7 13. Bg5+ Ngf6 14. Nxg4 1-0

[Event "Late-Titled-Tuesday-Blitz-October-17-2023"]
[Site "Chess.com"]
[Date "2023.10.17"]
[Round "7"]
[White "expii"]
[Black "sorch29"]
[Result "0-1"]
[WhiteElo "2247"]
[BlackElo "2396"]
[TimeControl "180+1"]
[EndTime "15:12:11 PDT"]
[Termination "sorch29 won by resignation"]

1. e4 c5 2. Nf3 e6 3. d4 cxd4 4.
Nxd4 Nc6 5. Nc3 Qc7 6. g3 a6 7.
Bg2 d6 8. O-O Bd7 9. Be3 Nxd4 10. Bxd4 Bc6 11. a4 Nf6 12. a5 Be7 13. Re1 O-O 14. Bb6 Qc8 15. e5 dxe5 16. Rxe5 Nd7 17. Re1 Nxb6 18. axb6 Bxg2 19. Kxg2 Qc6+ 20. Kg1 Qxb6 21.
Rb1 Rad8 22. Qf3 Rd7 23. Ne4 Rfd8 24. c3 Qc6 25. Qg2 f5 0-1

[Event "Late-Titled-Tuesday-Blitz-October-17-2023"]
[Site "Chess.com"]
[Date "2023.10.17"]
[Round "7"]
[White "elprimo2012mortis"]
[Black "Carlitus2004"]
[Result "1-0"]
[WhiteElo "2709"]
[BlackElo "2488"]
[TimeControl "180+1"]
[EndTime "15:12:44 PDT"]
[Termination "elprimo2012mortis won by resignation"]

1. e4 e6 2. d4 a6 3. g3 d5 4.
Bg2 Nf6 5. Nd2 dxe4 6. Nxe4 Nxe4 7. Bxe4 c5 8. Ne2 Qc7 9. O-O Bd7 10. d5 Bd6 11. c4 O-O 12. Nc3 Be5 13. Qd3 f5 14.
Bg2 Bxc3 15. Qxc3 e5 16. b3 Bc8 17. Bb2 Nd7 18. f4 Re8 19. Rae1 b5 20. fxe5 b4 21. Qc2 Nxe5 22. d6 Qxd6 23. Bxa8 Bd7 24.
Bd5+ Kh8 25. Qe2 Ng6 26. Qxe8+ Bxe8 27. Rxe8+ Nf8 28. Rxf5 h6 29. Rfxf8+ Kh7 30. Be4+ 1-0

[Event "Late-Titled-Tuesday-Blitz-October-17-2023"]
[Site "Chess.com"]
[Date "2023.10.17"]
[Round "7"]
[White "DawidCzerw"]
[Black "nicholas_ilic"]
[Result "0-1"]
[WhiteElo "2521"]
[BlackElo "2351"]
[TimeControl "180+1"]
[EndTime "15:13:25 PDT"]
[Termination "nicholas_ilic won by resignation"]

1. e4 c5 2. Nf3 Nc6 3. d4 cxd4 4. Nxd4 g6 5. Nc3 Nf6 6. Be3 Bg7 7. Nxc6 bxc6 8. e5 Nd5 9. Nxd5 cxd5 10. Qxd5 Rb8 11.
O-O-O O-O 12. f4 d6 13. Bxa7 Be6 14. Qd4 Ra8 15. Qf2 Qa5 16. Bd4 dxe5 17. Bxe5 Bxe5 18.
fxe5 Qxa2 19. Qd4 Rad8 20. Qxd8 Qa1+ 21. Kd2 Rxd8+ 22. Bd3 Qa5+ 23. Kc1 Qxe5 24. h4 Ra8 25. Kb1 Qa5 26. Kc1 Qa7 27. Rhe1 Qa1+ 28. Kd2 Qxb2 29. Rb1 Qf6 30. Re4 Qf2+ 31. Kc3 Rc8+ 32. Kb2 Rb8+ 33. Kc1 Qg1+ 34. Kd2 Qxb1 0-1

[Event "Late-Titled-Tuesday-Blitz-October-17-2023"]
[Site "Chess.com"]
[Date "2023.10.17"]
[Round "7"]
[White "Mikasinski"]
[Black "Chessdreamer2020"]
[Result "1-0"]
[WhiteElo "2681"]
[BlackElo "2489"]
[TimeControl "180+1"]
[EndTime "15:13:29 PDT"]
[Termination "Mikasinski won by resignation"]

1. e4 d6 2. d4 Nf6 3. Nc3 c6 4. f4 d5 5. e5 Ng8 6. Nf3 h5 7. Ne2 Nh6 8. c3 g6 9. Qb3 b6 10. a4 a5 11. Ng3 Nf5 12. Bd3 Nxg3 13. hxg3 Bg4 14. Ng5 e6 15. Be3 Be7 16. Kd2 Nd7 17. Raf1 Qc7 18. Qc2 Bxg5 19. fxg5 Bf5 20. Bxf5 exf5 21.
g4 fxg4 22. e6 Nf8 23. exf7+ Kd8 24. Bf4 Qd7 25. Be5 Rh7 26. Rf6 Rxf7 27. Rhf1 Rxf6 28. Rxf6 Ke8 29. Qd3 Rc8 30. Bd6 1-0

[Event "Late-Titled-Tuesday-Blitz-October-17-2023"]
[Site "Chess.com"]
[Date "2023.10.17"]
[Round "7"]
[White "Dacean99"]
[Black "ckgchess"]
[Result "0-1"]
[WhiteElo "2634"]
[BlackElo "2871"]
[TimeControl "180+1"]
[EndTime "15:13:48 PDT"]
[Termination "ckgchess won by resignation"]

1. d4 Nf6 2. Bf4 d5 3. e3 c5 4. Nf3 Nc6 5. Nc3 cxd4 6. exd4 Bg4 7. Be2 e6 8. O-O Bd6 9. Ne5 Bxe2 10. Nxe2 O-O 11. c3 Bxe5 12. Bxe5 Nxe5 13. dxe5 Nd7 14.
f4 Qb6+ 15. Qd4 Qxb2 16. Ng3 Qb6 17. Rab1 Qxd4+ 18. cxd4 b6 19. Rfc1 Rfc8 20. Kf2 a6 21. f5 b5 22. Ke3 Nb6 23. Ne2 exf5 24. Kf4 g6 25. Kg5 Kg7 26. h4 h6+ 27. Kf4 Rc4 28. h5 Rac8 29. g3 Nd7 30. Ke3 Nf8 31. Rf1 Ne6 32. g4 fxg4 33. hxg6 fxg6 34. Rf6 Re8 35.
Rxe6 Rxe6 36. Nf4 Rxe5+ 37. Kd3 Re4 0-1

[Event "Late-Titled-Tuesday-Blitz-October-17-2023"]
[Site "Chess.com"]
[Date "2023.10.17"]
[Round "7"]
[White "nochewycandy"]
[Black "Defend1r"]
[Result "1-0"]
[WhiteElo "2731"]
[BlackElo "2497"]
[TimeControl "180+1"]
[EndTime "15:13:53 PDT"]
[Termination "nochewycandy won by resignation"]

1. e4 c5 2. Nf3 d6 3. d4 cxd4 4. Nxd4 Nf6 5. Nc3 a6 6. Be3 e5 7. Nb3 Be7 8. h3 Be6 9. f4 exf4 10. Bxf4 Nc6 11. Qe2 O-O 12. O-O-O Rc8 13. e5 Ne8 14. exd6 Bxd6 15. Bxd6 Nxd6 16. Ne4 Nb4 17. Rxd6 Qe7 18. Rd2 Nxa2+ 19. Kb1 Bxb3 20. cxb3 Nc1 21. Qf3 Rfe8 22. Nd6 Qg5 23. Qxf7+ Kh8 24. Qxe8+ Rxe8 25. Nf7+ Kg8 26.
Nxg5 Re1 27. Bc4+ 1-0

[Event "Late-Titled-Tuesday-Blitz-October-17-2023"]
[Site "Chess.com"]
[Date "2023.10.17"]
[Round "7"]
[White "JSlaby"]
[Black "LogoCzar"]
[Result "1-0"]
[WhiteElo "2592"]
[BlackElo "2405"]
[TimeControl "180+1"]
[EndTime "15:13:54 PDT"]
[Termination "JSlaby won by resignation"]

1. e4 c5 2. Nf3 Nc6 3. Bb5 d5 4. exd5 Qxd5 5. Nc3 Qe6+ 6. Ne2 a6 7. Bxc6+ Qxc6 8.
O-O b5 9. d4 e6 10. Be3 Bb7 11. dxc5 Bxc5 12. Bxc5 Qxc5 13. Qd4 Qxd4 14. Nexd4 O-O-O 15. Rfd1 Nf6 16. Ne5 Rhf8 17. c4 bxc4 18. Rac1 Bd5 19.
Nxc4 Bxc4 20. Rxc4+ Kb7 21. Rdc1 Rc8 22. Nc6 Nd5 23.
g3 Nb6 24. R4c2 Nd5 25. Kg2 Kb6 26. h4 Rc7 27. Ne5 Rfc8 28. Rxc7 Rxc7 29. Rxc7 Kxc7 30.
Nxf7 h6 31. Ne5 Nb4 32. a3 Kd6 33. Nf7+ Ke7 34. axb4 Kxf7 35. Kf3 Ke7 36. Ke4 Kd6 37. h5 Kc6 38. Ke5 Kb5 39. Kxe6 Kxb4 40. Kf7 Kb3 41.
Kxg7 Kxb2 42. f4 a5 43. f5 a4 44. f6 a3 45. f7 a2 46. f8=Q a1=Q 47. Qf6+ Ka2 48.
Qxa1+ Kxa1 49. Kxh6 1-0

[Event "Late-Titled-Tuesday-Blitz-October-17-2023"]
[Site "Chess.com"]
[Date "2023.10.17"]
[Round "7"]
[White "azikom"]
[Black "Lion_DL"]
[Result "1-0"]
[WhiteElo "2609"]
[BlackElo "2450"]
[TimeControl "180+1"]
[EndTime "15:13:55 PDT"]
[Termination "azikom won by resignation"]

1. d4 Nf6 2. Nf3 e6 3. Bg5 h6 4. Bh4 Be7 5. Nbd2 d5 6. e3 b6 7. c4 O-O 8. cxd5 Nxd5 9. Bg3 c5 10. a3 cxd4 11. Nxd4 Bb7 12. Rc1 Bf6 13. Ne4 Be7 14.
Bd3 Nd7 15. O-O Nc5 16. Nxc5 Bxc5 17. Bb1 Ne7 18. Qc2 Ng6 19. Nxe6 fxe6 20. Qxg6 Qd5 21.
Qh7+ Kf7 22. Bg6+ Kf6 23. Bh4+ Ke5 24. Qxg7+ Kd6 25. Bg3+ 1-0

[Event "Late-Titled-Tuesday-Blitz-October-17-2023"]
[Site "Chess.com"]
[Date "2023.10.17"]
[Round "7"]
[White "marik_spb"]
[Black "Tomytoteph"]
[Result "0-1"]
[WhiteElo "2418"]
[BlackElo "2569"]
[TimeControl "180+1"]
[EndTime "15:14:01 PDT"]
[Termination "Tomytoteph won by checkmate"]

1. d4 Nf6 2. c4 e6 3. Nf3 b6 4. g3 Bb7 5. Bg2 Be7 6. Nc3 O-O 7. O-O d6 8. Qc2 Nbd7 9. e4 e5 10. Bg5 h6 11. Be3 exd4 12. Nxd4 Re8 13. h3 Nc5 14. b4 Ne6 15. Rae1 Nxd4 16. Bxd4 Bf8 17.
Nd5 Nxd5 18. exd5 Qd7 19. f4 c6 20. Qa4 Rec8 21. g4 b5 22. dxc6 Bxc6 23. Bxc6 Qxc6 24.
cxb5 Qd5 25. Rd1 Qe4 26. Qb3 Rc2 27. Qe3 Qg2# 0-1

[Event "Late-Titled-Tuesday-Blitz-October-17-2023"]
[Site "Chess.com"]
[Date "2023.10.17"]
[Round "7"]
[White "Joshukid"]
[Black "lamomiajunior"]
[Result "1-0"]
[WhiteElo "2579"]
[BlackElo "2730"]
[TimeControl "180+1"]
[EndTime "15:14:12 PDT"]
[Termination "Joshukid won by resignation"]

1. Nf3 d5 2. c4 e6 3. g3 Nf6 4.
Bg2 dxc4 5. Qa4+ Nbd7 6. Qxc4 a6 7. Qb3 Ra7 8. O-O b5 9. Nd4 Nc5 10. Qe3 Nd5 11. Bxd5 Qxd5 12. b4 Ne4 13. f3 c5 14.
Nb3 Nf6 15. Nxc5 Bxc5 16. Qxc5 Qd7 17. Bb2 h6 18. Rc1 Ra8 19. a4 bxa4 20. Nc3 Qe7 21. Qc6+ 1-0

[Event "Late-Titled-Tuesday-Blitz-October-17-2023"]
[Site "Chess.com"]
[Date "2023.10.17"]
[Round "7"]
[White "leoduarte"]
[Black "NotFischer"]
[Result "1-0"]
[WhiteElo "2399"]
[BlackElo "2257"]
[TimeControl "180+1"]
[EndTime "15:14:13 PDT"]
[Termination "leoduarte won by resignation"]

1. d4 g6 2. e4 Bg7 3. Nc3 c6 4. Be3 d5 5. e5 Nh6 6. h3 Nf5 7. Qd2 h5 8. Nf3 h4 9. Bg5 f6 10. exf6 exf6 11. Bf4 Kf7 12. O-O-O Nd7 13. g4 hxg3 14.
fxg3 Nb6 15. g4 Nd6 16. Qf2 Ne4 17. Nxe4 dxe4 18. Ne5+ Kf8 19. Nxg6+ Kg8 20. Bg2 Qe8 21. Nxh8 Kxh8 22. Rhe1 f5 23. gxf5 Bxf5 24. Be5 Bxe5 25.
Qxf5 Bg7 26. Rxe4 Qf8 27. Qh5+ Kg8 28. Rf1 1-0

[Event "Late-Titled-Tuesday-Blitz-October-17-2023"]
[Site "Chess.com"]
[Date "2023.10.17"]
[Round "7"]
[White "SanchezKelvin"]
[Black "dianamirza"]
[Result "1-0"]
[WhiteElo "2555"]
[BlackElo "1962"]
[TimeControl "180+1"]
[EndTime "15:14:15 PDT"]
[Termination "SanchezKelvin won by resignation"]

1. e4 d5 2. exd5 Qxd5 3. Nc3 Qd8 4. d4 Nf6 5. Nf3 Bg4 6. h3 Bxf3 7. Qxf3 c6 8. Be3 e6 9. O-O-O Bb4 10. Ne4 Nd5 11. c4 Nxe3 12. fxe3 O-O 13. Bd3 Qa5 14. a3 Be7 15. h4 Nd7 16. g4 b5 17. c5 b4 18.
axb4 Qxb4 19. Nc3 Rab8 20. Rd2 Nf6 21. Qxc6 Rfc8 22. Qf3 a5 23. g5 Nd7 24. Qe4 g6 25. h5 e5 26. Nd5 Rc7 27. Nxb4 1-0

[Event "Late-Titled-Tuesday-Blitz-October-17-2023"]
[Site "Chess.com"]
[Date "2023.10.17"]
[Round "7"]
[White "DryCounty"]
[Black "BrandonJacobson"]
[Result "0-1"]
[WhiteElo "2662"]
[BlackElo "2977"]
[TimeControl "180+1"]
[EndTime "15:14:18 PDT"]
[Termination "BrandonJacobson won by resignation"]

1. d4 c5 2. d5 Nf6 3. Nc3 d6 4. e4 a6 5. a4 g6 6. Nf3 Bg7 7.
Be2 O-O 8. O-O e6 9. h3 exd5 10. exd5 Re8 11. Bf4 Ne4 12. Nxe4 Rxe4 13. Qd2 Bxb2 14.
Rab1 Bf6 15. a5 Nd7 16. Bxd6 b5 17. axb6 Nxb6 18. Bxc5 Nxd5 19. Bd3 Re8 20. Bc4 Be6 21. Rfd1 Nc3 22. Qxd8 Raxd8 23. Rxd8 Rxd8 24. Bxe6 Nxb1 25. Ba2 Nc3 26. Bb3 a5 27. Bb6 Rd1+ 28. Kh2 a4 29.
Bc4 a3 30. Ba5 Rc1 31. Bb3 Rxc2 0-1

[Event "Late-Titled-Tuesday-Blitz-October-17-2023"]
[Site "Chess.com"]
[Date "2023.10.17"]
[Round "7"]
[White "MathiasWomacka"]
[Black "Byniolus"]
[Result "0-1"]
[WhiteElo "2536"]
[BlackElo "2767"]
[TimeControl "180+1"]
[EndTime "15:14:18 PDT"]
[Termination "Byniolus won by resignation"]

1. e4 d6 2. d4 Nf6 3. Nc3 c6 4. f4 Qb6 5. Nf3 Bg4 6. Be3 Qxb2 7.
Kd2 Qb4 8. Bd3 Qa5 9. h3 Bxf3 10. Qxf3 Nbd7 11. Rab1 Nb6 12. Rb3 e6 13. g4 d5 14. e5 Ne4+ 15. Bxe4 dxe4 16. Qxe4 Bb4 17. Rxb4 Qxb4 18. Rb1 Qa5 19. Qd3 O-O-O 20. Ke2 Nd5 21. Ne4 f5 22. gxf5 exf5 23. Nd6+ Rxd6 24. exd6 Nc3+ 25.
Kf2 Nxb1 26. c4 Nc3 27. d5 Ne4+ 28. Kf3 cxd5 0-1

[Event "Late-Titled-Tuesday-Blitz-October-17-2023"]
[Site "Chess.com"]
[Date "2023.10.17"]
[Round "7"]
[White "Hasangatin_Ramil"]
[Black "amanmuhammethommadov"]
[Result "1-0"]
[WhiteElo "2719"]
[BlackElo "2537"]
[TimeControl "180+1"]
[EndTime "15:14:23 PDT"]
[Termination "Hasangatin_Ramil won on time"]

1. e4 c5 2. Nf3 Nc6 3. Bb5 e6 4. Bxc6 bxc6 5. b3 Ne7 6. Ba3 Ng6 7. d4 d5 8. dxc5 Qf6 9. Nbd2 Ba6 10. c4 dxc4 11.
bxc4 Qc3 12. Qa4 Qxa1+ 13. Ke2 Nf4+ 14. Ke3 Nxg2+ 15. Ke2 Nf4+ 16. Ke3 Ng2+ 17. Ke2 1-0

[Event "Late-Titled-Tuesday-Blitz-October-17-2023"]
[Site "Chess.com"]
[Date "2023.10.17"]
[Round "7"]
[White "Estrategia_vs_Tactica"]
[Black "UK_23"]
[Result "0-1"]
[WhiteElo "2243"]
[BlackElo "2394"]
[TimeControl "180+1"]
[EndTime "15:14:26 PDT"]
[Termination "UK_23 won by resignation"]

1. e4 e5 2. Nf3 Nc6 3. Bc4 Nf6 4. d3 Be7 5. O-O O-O 6. a4 d5 7. exd5 Nxd5 8. a5 a6 9. h3 f6 10. Nc3 Be6 11. Re1 Bf7 12. Bb3 Kh8 13. Bd2 Qd7 14.
Ne4 Rad8 15. Ng3 Bc5 16. Qb1 Be6 17. Qa2 Nce7 18. Ne4 Ba7 19. Rad1 c6 20. d4 exd4 21. c3 d3 22. Nd4 Bxh3 23. gxh3 Qxh3 24. Ng3 c5 25. Ne6 c4 26. Bxc4 Qxg3+ 27. Kh1 Bxf2 0-1

[Event "Late-Titled-Tuesday-Blitz-October-17-2023"]
[Site "Chess.com"]
[Date "2023.10.17"]
[Round "7"]
[White "midedu"]
[Black "FuenfgegenWilly"]
[Result "0-1"]
[WhiteElo "2059"]
[BlackElo "2391"]
[TimeControl "180+1"]
[EndTime "15:14:29 PDT"]
[Termination "FuenfgegenWilly won by resignation"]

1. e4 e5 2. Nf3 Nc6 3. Bc4 Nf6 4. d3 d5 5. exd5 Nxd5 6. O-O Bc5 7. Re1 O-O 8. h3 Nb6 9. Bb3 a5 10. a4 Kh8 11. Ng5 Qf6 12. Ne4 Qe7 13. Nxc5 Qxc5 14. Be3 Qd6 15. Nc3 Nd4 16. Bxd4 exd4 17. Nb5 Qc5 18.
Re4 Bf5 19. Rxd4 c6 20. Rf4 cxb5 21. Qf3 Bg6 22. axb5 a4 23. Bxf7 Bxf7 24. Rxf7 Rxf7 25. Qxf7 Rf8 26. d4 Qd6 27. Qxb7 Qxd4 28. Rf1 Nc4 29. c3 Qf6 30. Qd5 Nxb2 31. Qa2 Qxc3 32. Qxa4 Nxa4 0-1

[Event "Late-Titled-Tuesday-Blitz-October-17-2023"]
[Site "Chess.com"]
[Date "2023.10.17"]
[Round "7"]
[White "SEBAZZANO"]
[Black "santosalberto1987"]
[Result "0-1"]
[WhiteElo "2268"]
[BlackElo "2408"]
[TimeControl "180+1"]
[EndTime "15:14:32 PDT"]
[Termination "santosalberto1987 won on time"]

1. d4 d5 2. Bf4 Nf6 3. e3 c5 4. c3 Nc6 5. Nd2 Qb6 6. Qb3 c4 7. Qc2 e6 8. Ngf3 Qd8 9. e4 b5 10. Be2 Be7 11. O-O O-O 12. e5 Nd7 13.
h3 a5 14. Nh2 b4 15. Be3 a4 16.
a3 bxa3 17. bxa3 Qa5 18. f4 Rb8 19. f5 Nb6 20. f6 gxf6 21. exf6 Bd6 22. Bf4 Bxf4 23.
Rxf4 Nd7 24. Rh4 Nxf6 25. Ng4 Kg7 26. Nxf6 Kxf6 27. Rf1+ Ke7 28. Rxh7 Bd7 29. Bh5 Be8 30. Nf3 Rb3 31. Ne5 Nxe5 32. dxe5 Qxc3 33. Qe2 Qe3+ 34. Qxe3 Rxe3 0-1

[Event "Late-Titled-Tuesday-Blitz-October-17-2023"]
[Site "Chess.com"]
[Date "2023.10.17"]
[Round "7"]
[White "djano"]
[Black "ljm509"]
[Result "1-0"]
[WhiteElo "2681"]
[BlackElo "2304"]
[TimeControl "180+1"]
[EndTime "15:14:44 PDT"]
[Termination "djano won by checkmate"]

1. d4 Nf6 2. Bf4 d5 3. Nf3 e6 4. e3 Bd6 5. Bg3 Ne4 6. Nbd2 f5 7. Ne5 O-O 8. Bd3 Nd7 9. Nxd7 Bxd7 10. Nf3 Nxg3 11. hxg3 g6 12. Qe2 c5 13. c3 Qa5 14. g4 Rae8 15. Ne5 Bxe5 16. dxe5 Qc7 17. f4 c4 18. Bc2 b5 19. gxf5 exf5 20. Qd2 Be6 21. Qd4 a5 22. a3 Ra8 23. Kf2 b4 24. axb4 axb4 25. cxb4 Qb7 26. Qc5 Rac8 27. Qd6 Rc6 28.
Ra7 Qc8 29. Rhxh7 Rxd6 30. Rag7# 1-0

[Event "Late-Titled-Tuesday-Blitz-October-17-2023"]
[Site "Chess.com"]
[Date "2023.10.17"]
[Round "7"]
[White "KorolDimitriy75"]
[Black "morte-negra"]
[Result "1-0"]
[WhiteElo "2334"]
[BlackElo "1958"]
[TimeControl "180+1"]
[EndTime "15:14:44 PDT"]
[Termination "KorolDimitriy75 won by resignation"]

1. d4 Nf6 2. c4 c5 3. d5 b5 4.
Nd2 e6 5. e4 bxc4 6. Bxc4 Ba6 7. Qe2 Bxc4 8. Nxc4 d6 9. Nf3 e5 10. O-O Be7 11. Ne1 O-O 12. Nd3 Na6 13. f4 exf4 14.
Bxf4 Re8 15. Qf3 Bf8 16. Rae1 Nc7 17. h3 Nb5 18. Bg5 Nd4 19. Qf4 Be7 20. Rf2 Nh5 21.
Qxf7+ 1-0

[Event "Late-Titled-Tuesday-Blitz-October-17-2023"]
[Site "Chess.com"]
[Date "2023.10.17"]
[Round "7"]
[White "DvaHrasta"]
[Black "lluiss"]
[Result "1-0"]
[WhiteElo "2499"]
[BlackElo "2195"]
[TimeControl "180+1"]
[EndTime "15:14:47 PDT"]
[Termination "DvaHrasta won by resignation"]

1. c4 Nf6 2. g3 c6 3. Bg2 d5 4. cxd5 cxd5 5. Nf3 g6 6. O-O Bg7 7. d4 O-O 8. Nc3 Ne4 9. Ne5 Nxc3 10. bxc3 Nc6 11. f4 e6 12. a4 Na5 13. Ba3 Re8 14.
Rb1 b6 15. Bb4 Bd7 16. Bxa5 bxa5 17. Rb7 Bxe5 18. fxe5 Bc6 19. Rbxf7 Re7 20. R7f6 Qd7 21. Bh3 Rae8 22. Qd2 Bxa4 23. Qh6 Qc8 24. e4 Rg7 25. exd5 Bd7 26. dxe6 Bxe6 27. Bxe6+ Rxe6 28. Rf8+ Qxf8 29. Rxf8+ Kxf8 30. Qf4+ Rf7 31. Qe4 Rb6 32. d5 Rb2 33. d6 Rff2 34. Qa8+ Kg7 35. Qxa7+ Kh6 36. Qe3+ Kg7 37.
Qa7+ Kh6 38. Qxf2 1-0

[Event "Late-Titled-Tuesday-Blitz-October-17-2023"]
[Site "Chess.com"]
[Date "2023.10.17"]
[Round "7"]
[White "icy"]
[Black "zajka-molotok"]
[Result "0-1"]
[WhiteElo "2409"]
[BlackElo "2562"]
[TimeControl "180+1"]
[EndTime "15:14:51 PDT"]
[Termination "zajka-molotok won by resignation"]

1. Nf3 c5 2. g3 Nc6 3. d4 cxd4 4. Nxd4 e5 5. Nxc6 dxc6 6. Qxd8+ Kxd8 7. Bg2 Bf5 8. e4 Be6 9. O-O Bc5 10. Nd2 Kc7 11. Nb3 Bb6 12. Re1 Rd8 13. Be3 Nf6 14. Nc5 Bxc5 15. Bxc5 Rd2 16. Rac1 b6 17. Be3 Rd7 18.
f3 Ne8 19. Rcd1 Nd6 20. Bf1 Rhd8 21. b3 f6 22. Be2 h5 23. h4 g6 24. c4 c5 25. Rd2 Nb7 26. Red1 Rxd2 27. Rxd2 Rxd2 28. Bxd2 Nd8 29. f4 Bg4 30. Bxg4 hxg4 31. f5 gxf5 32. exf5 Kd7 33. Kf2 Nc6 34. Bc3 Ne7 0-1

[Event "Late-Titled-Tuesday-Blitz-October-17-2023"]
[Site "Chess.com"]
[Date "2023.10.17"]
[Round "7"]
[White "Hrant_ChessMood"]
[Black "ValeriyGrinev"]
[Result "1-0"]
[WhiteElo "2928"]
[BlackElo "2600"]
[TimeControl "180+1"]
[EndTime "15:14:54 PDT"]
[Termination "Hrant_ChessMood won by resignation"]

1. c4 e5 2. g3 Nc6 3. Bg2 f5 4. Nc3 Nf6 5. e3 Bb4 6. Nge2 Bxc3 7. Nxc3 O-O 8. O-O d6 9. d4 Kh8 10. a3 e4 11. b4 a5 12. b5 Ne7 13. Bb2 Bd7 14. d5 Be8 15. Ne2 Nd7 16. Nf4 Nc5 17. Qd4 Rg8 18. Rab1 Ng6 19. Nxg6+ Bxg6 20. f3 Qe7 21.
fxe4 fxe4 22. b6 cxb6 23. Ba1 Qc7 24. h4 h5 25. g4 hxg4 26. h5 Bxh5 27. Rf5 Bg6 28.
Rg5 Kh7 29. Kf2 Rgf8+ 30. Kg3 Rf6 31. Rh1+ Kg8 32. Qxf6 gxf6 33. Rxg6+ Qg7 34. Rxg7+ Kxg7 35. Rb1 Nd7 36. Bxe4 Re8 37. Kf4 Nc5 38. Bf5 g3 39. Bd4 g2 40. Rg1 1-0

[Event "Late-Titled-Tuesday-Blitz-October-17-2023"]
[Site "Chess.com"]
[Date "2023.10.17"]
[Round "7"]
[White "familijatop71"]
[Black "becemix"]
[Result "1-0"]
[WhiteElo "2128"]
[BlackElo "2434"]
[TimeControl "180+1"]
[EndTime "15:14:55 PDT"]
[Termination "familijatop71 won by checkmate"]

1. e4 e6 2. d4 d5 3. Nc3 Bb4 4. Bd3 Nc6 5. a3 dxe4 6. Bxe4 Ba5 7. Ne2 Nf6 8. Bd3 h6 9. O-O Bb6 10. Be3 O-O 11. Qd2 Ng4 12. h3 Nxe3 13. fxe3 Qg5 14. Ne4 Qh5 15. Rf3 e5 16. Rg3 f5 17. Bc4+ Kh8 18. Nc5 f4 19. exf4 exf4 20. Rf3 Bxc5 21. dxc5 Qxc5+ 22. Kh1 Qxc4 23. Nxf4 Bf5 24. Raf1 Bh7 25.
Ng6+ Kg8 26. Rxf8+ Rxf8 27. Rxf8# 1-0

[Event "Late-Titled-Tuesday-Blitz-October-17-2023"]
[Site "Chess.com"]
[Date "2023.10.17"]
[Round "7"]
[White "Kale36"]
[Black "wgraif"]
[Result "1-0"]
[WhiteElo "2328"]
[BlackElo "2500"]
[TimeControl "180+1"]
[EndTime "15:14:58 PDT"]
[Termination "Kale36 won on time"]

1. d4 Nf6 2. Nc3 d5 3. Bg5 e6 4. e4 Bb4 5. Bxf6 Qxf6 6. e5 Qh6 7. Qd2 Qxd2+ 8. Kxd2 c5 9. a3 Ba5 10. dxc5 d4 11. b4 dxc3+ 12. Kxc3 Bc7 13. f4 O-O 14. Bd3 a5 15. Re1 axb4+ 16. axb4 Nc6 17.
Nf3 Bd7 18. Ra1 Ne7 19. Be4 Bc6 20. Bxc6 bxc6 21. Kc4 Nd5 22. Nd4 Nxf4 23. Nxc6 Nxg2 24. Ne7+ Kh8 25. Rxa8 Rxa8 26. b5 Bxe5 27. b6 Ne3+ 28. Kb5 Bf6 29. Nc6 Nxc2 30. b7 Re8 31. b8=Q Rxb8+ 32. Nxb8 Nd4+ 33. Kc4 Be5 34. c6 Bxb8 35. Kxd4 g6 36.
Rb1 1-0

[Event "Late-Titled-Tuesday-Blitz-October-17-2023"]
[Site "Chess.com"]
[Date "2023.10.17"]
[Round "7"]
[White "victormago"]
[Black "AsaHoffmann"]
[Result "0-1"]
[WhiteElo "2442"]
[BlackElo "2354"]
[TimeControl "180+1"]
[EndTime "15:14:59 PDT"]
[Termination "AsaHoffmann won by checkmate"]

1. d4 Nf6 2. c4 c5 3. d5 e5 4. Nc3 d6 5. e4 Be7 6. Bd3 Nbd7 7. Nge2 Nf8 8. Ng3 Ng6 9. O-O O-O 10. f3 Ne8 11. Rb1 Bg5 12. Nf5 Bxc1 13. Rxc1 Nf4 14. Bb1 g6 15. Ng3 h5 16. Nge2 Qg5 17. Nxf4 exf4 18.
Re1 Nf6 19. Qd2 Nd7 20. Nb5 Ne5 21. Rf1 Qf6 22. a3 a6 23. Nc3 Nxc4 24. Qe2 Ne3 25. Rfe1 b5 26. Nd1 Nc4 27. Ba2 Ne5 28. Nf2 c4 29. b3 cxb3 30. Bxb3 Bd7 31. Rc7 Rac8 32. Rec1 Rxc7 33. Rxc7 Rc8 34. Qc2 Rxc7 35. Qxc7 h4 36.
h3 Qg5 37. Kf1 Qf6 38. Qb6 Nc4 39. Bxc4 bxc4 40. Qxa6 Qa1+ 41. Ke2 Qb2+ 42. Ke1 Bb5 43. Qxd6 c3 44. e5 Qe2# 0-1

[Event "Late-Titled-Tuesday-Blitz-October-17-2023"]
[Site "Chess.com"]
[Date "2023.10.17"]
[Round "7"]
[White "HanSchut"]
[Black "Real_taiatai"]
[Result "1/2-1/2"]
[WhiteElo "2329"]
[BlackElo "2440"]
[TimeControl "180+1"]
[EndTime "15:15:01 PDT"]
[Termination "Game drawn by repetition"]

1. e4 e5 2. Nf3 Nc6 3. Bc4 Nf6 4. d4 exd4 5. e5 Ne4 6. Qe2 Nc5 7. c3 d3 8. Qe3 Be7 9. O-O O-O 10. b4 Ne6 11.
Rd1 d6 12. Rxd3 Qe8 13. Nbd2 Nxe5 14. Nxe5 dxe5 15. Qxe5 Bd6 16. Rxd6 cxd6 17. Qxd6 Qd7 18. Qg3 Qc7 19. Qh4 b5 20. Bd3 h6 21. Ne4 Bb7 22. Nf6+ gxf6 23. Qxh6 Rfd8 24. Bh7+ Kh8 25. Bg6+ Kg8 26.
Bh7+ Kh8 27. Bg6+ Kg8 28. Bh7+ 1/2-1/2

[Event "Late-Titled-Tuesday-Blitz-October-17-2023"]
[Site "Chess.com"]
[Date "2023.10.17"]
[Round "7"]
[White "ChessSwole"]
[Black "ritanovikova"]
[Result "0-1"]
[WhiteElo "2734"]
[BlackElo "2134"]
[TimeControl "180+1"]
[EndTime "15:15:03 PDT"]
[Termination "ritanovikova won by resignation"]

1. Nf3 Nf6 2. c4 e6 3. d4 d5 4. Nc3 Be7 5. Bf4 a6 6. e3 dxc4 7. Bxc4 b5 8. Bd3 Bb7 9. O-O Nbd7 10. Rc1 c5 11. Qe2 cxd4 12. Nxd4 e5 13. Nf5 exf4 14. exf4 Kf8 15. Rfe1 Bc5 16. Rcd1 Qb6 17. Kh1 g6 18.
Ne3 Re8 19. Qd2 Qc6 20. Bf1 Nb6 21. f5 Kg7 22. Qc2 Bxe3 23. fxe3 b4 24. e4 bxc3 25. e5 Nh5 26. f6+ Nxf6 27. exf6+ Qxf6 28. bxc3 Rxe1 29. Rxe1 Re8 30. Rd1 Nd5 31. Qd2 Ne3 32. Re1 Nxf1 0-1

[Event "Late-Titled-Tuesday-Blitz-October-17-2023"]
[Site "Chess.com"]
[Date "2023.10.17"]
[Round "7"]
[White "jamengrand"]
[Black "dadice10"]
[Result "1/2-1/2"]
[WhiteElo "2329"]
[BlackElo "2215"]
[TimeControl "180+1"]
[EndTime "15:15:04 PDT"]
[Termination "Game drawn by repetition"]

1. e4 d5 2. exd5 Nf6 3. d4 Nxd5 4. c4 Nb6 5. c5 Nd5 6. Qb3 g6 7.
Bc4 c6 8. Nf3 Bg7 9. O-O O-O 10.
Re1 b5 11. Bxd5 Qxd5 12. Qxd5 cxd5 13. Nc3 Nc6 14. Nxd5 Bg4 15. Nxe7+ Nxe7 16. Rxe7 Bxf3 17. gxf3 Bxd4 18. Be3 Bxb2 19. Rb1 Bf6 20. Rb7 a6 21.
Rb6 Bd8 22. Rc6 Ba5 23. Rd1 Rfd8 24. Rxd8+ Bxd8 25. Bh6 Be7 26. Kf1 a5 27. Rb6 Bxc5 28. Rxb5 Bf8 29. Bxf8 Kxf8 30. a4 Ke7 31. f4 Kf6 32. h4 h5 33. Kg2 Ke6 34. f5+ gxf5 35.
Kf3 Rg8 36. Rb6+ Ke5 37. Rb5+ Ke6 38. Rb6+ Ke5 39. Rb5+ Ke6 1/2-1/2